[Event "Late-Titled-Tuesday-Blitz-February-13-2024"]
[Site "Chess.com"]
[Date "2024.02.13"]
[Round "10"]
[White "kibromNNN"]
[Black "N_I_Chess"]
[Result "0-1"]
[WhiteElo "1815"]
[BlackElo "2271"]
[TimeControl "180+1"]
[EndTime "15:55:24 PST"]
[Termination "N_I_Chess won by checkmate"]

1. d4 Nf6 2. c4 e6 3. Nc3 Bb4 4.
Qc2 d5 5. cxd5 exd5 6. Bg5 c6 7.
e3 O-O 8. Bd3 h6 9. Bh4 Be6 10.
Nf3 Nbd7 11. O-O Re8 12. a3 Bd6 13. b4 a6 14. Rab1 Qe7 15. Bg3 Bg4 16. Bf5 Bxg3 17. hxg3 g6 18. Bxg4 Nxg4 19. a4 b5 20. a5 Ndf6 21. Rbc1 Qxb4 22. Ne2 Rac8 23. Ra1 Ne4 24. Nf4 Qd6 25. Nd3 Kg7 26. Nfe5 Nxe5 27. Nxe5 c5 28. Qd3 c4 29. Qe2 b4 30. Rfc1 h5 31.
g4 f6 32. Nf3 hxg4 33. Ne1 Rh8 34. Qxg4 Qh2+ 35. Kf1 f5 36. Qd1 Qh1+ 37. Ke2 b3 38. Rab1 Qg1 39. g3 Qxf2# 0-1

[Event "Late-Titled-Tuesday-Blitz-February-13-2024"]
[Site "Chess.com"]
[Date "2024.02.13"]
[Round "10"]
[White "Binary010"]
[Black "FairChess_on_YouTube"]
[Result "0-1"]
[WhiteElo "2885"]
[BlackElo "3066"]
[TimeControl "180+1"]
[EndTime "15:55:25 PST"]
[Termination "FairChess_on_YouTube won on time"]

1. e4 c5 2. Nf3 g6 3. d4 cxd4 4.
Nxd4 Nf6 5. Nc3 d6 6. Be3 Nc6 7. f3 h5 8. Bc4 Bg7 9. Qd2 Bd7 10. O-O-O Na5 11. Bb3 Rc8 12. Kb1 Nc4 13. Bxc4 Rxc4 14. Nde2 Qa5 15. Bd4 Rxd4 16. Nxd4 Qb6 17. Rhe1 O-O 18.
Nb3 Rc8 19. Qe3 Qa6 20. Qd3 Qc6 21. Nd5 Nxd5 22. exd5 Qb6 23. Rd2 Bf5 24. Qe3 Qxe3 25. Rxe3 Bh6 26. Ree2 Bxd2 27. Rxd2 h4 28. h3 Kg7 29. Nd4 Bd7 30. b3 Kf6 31. Re2 b5 32. Re4 g5 33. f4 g4 34. hxg4 Bxg4 35. f5 Rg8 36. Kb2 b4 37. a3 a5 38. axb4 axb4 39.
Nc6 Bxf5 40. Rxh4 Rxg2 41. Nxb4 Bg6 42. Kc3 Kg5 43. Rd4 f5 44. Nd3 f4 45. Nxf4 Rxc2+ 46. Kb4 Bf5 47. Nd3 Kf6 0-1

[Event "Late-Titled-Tuesday-Blitz-February-13-2024"]
[Site "Chess.com"]
[Date "2024.02.13"]
[Round "10"]
[White "ArtemDyachuk"]
[Black "ProfessorChess101"]
[Result "1-0"]
[WhiteElo "2640"]
[BlackElo "2781"]
[TimeControl "180+1"]
[EndTime "15:55:27 PST"]
[Termination "ArtemDyachuk won by resignation"]

1. c4 e6 2. Nf3 d5 3. g3 Nf6 4.
Bg2 a6 5. O-O Be7 6. d4 dxc4 7.
Ne5 O-O 8. Nxc4 c5 9. dxc5 Bxc5 10. Nc3 Nc6 11. Bf4 Qe7 12. Rc1 e5 13. Bg5 Be6 14.
Bxc6 bxc6 15. Nxe5 Bh3 16. Nxc6 Qb7 17. Nd5 Ne4 18.
Rxc5 Nxc5 19. Nde7+ Kh8 20. Re1 Ne6 21. Be3 Qxb2 22.
Qd5 Rae8 23. Qh5 Qc3 24. Rc1 Qf6 25. Qxh3 Rxe7 26. Nxe7 Qxe7 27. Qf5 h6 28. Qe5 Kh7 29. Bc5 Qd8 30. Bxf8 Qxf8 31. Qe4+ g6 32. Qe3 Qb4 33. Rc7 Kg8 34. h4 Qb1+ 35. Kg2 Qb8 36. Rc6 Qb7 37.
Qe4 Kh7 38. Rxe6 Qd7 39. Re7 Qd8 40. Rxf7+ Kh8 41. Qxg6 Qd5+ 42. e4 Qxf7 43. Qxf7 1-0

[Event "Late-Titled-Tuesday-Blitz-February-13-2024"]
[Site "Chess.com"]
[Date "2024.02.13"]
[Round "10"]
[White "krzyzan94"]
[Black "dennisodessa"]
[Result "1-0"]
[WhiteElo "2783"]
[BlackElo "2582"]
[TimeControl "180+1"]
[EndTime "15:55:29 PST"]
[Termination "krzyzan94 won by resignation"]

1. d4 e6 2. Bf4 Nf6 3. e3 c5 4. Nf3 Nc6 5. Nbd2 d5 6. c3 Be7 7. Bb5 a6 8. Bxc6+ bxc6 9. Qa4 Bd7 10. Ne5 Qb6 11. b3 O-O 12. g4 Rfd8 13. h4 Qb5 14. g5 Ne8 15. Qa3 Kf8 16. Qc1 cxd4 17.
cxd4 c5 18. Qc2 Kg8 19. a4 Qb6 20. dxc5 Qxc5 21. Qxc5 Bxc5 22. Rc1 Bb4 23. Ke2 Nd6 24. Nxd7 Rxd7 25. Rc6 f6 26. Bxd6 Rxd6 27. Rhc1 Rxc6 28. Rxc6 Kf7 29. Nf3 e5 30. h5 Ra7 31. Nh4 fxg5 32. Nf3 Be7 33. Nxe5+ Ke8 34. Rc8+ Bd8 35. Rxd8+ Kxd8 36. Nc6+ Kc7 37. Nxa7 Kb7 38. Kf3 Kxa7 39. Kg4 Kb6 40. b4 h6 41. Kf5 a5 42. b5 Kc5 43.
Kg6 d4 44. exd4+ Kxd4 45. b6 Ke4 46. b7 Kf3 47. b8=Q Kxf2 48. Qa7+ Kf3 49. Qxa5 g4 50. Qf5+ Kg3 51. a5 Kh4 52. Qxg4+ Kxg4 53. a6 1-0

[Event "Late-Titled-Tuesday-Blitz-February-13-2024"]
[Site "Chess.com"]
[Date "2024.02.13"]
[Round "10"]
[White "Cambek64"]
[Black "Inepton_Fermion"]
[Result "0-1"]
[WhiteElo "2493"]
[BlackElo "2391"]
[TimeControl "180+1"]
[EndTime "15:55:31 PST"]
[Termination "Inepton_Fermion won on time"]

1. e4 c5 2. Nf3 e6 3. c4 Nc6 4. d4 cxd4 5. Nxd4 Nf6 6. Nc3 Bb4 7. Nxc6 bxc6 8. Bd3 e5 9. O-O O-O 10. Bg5 Be7 11.
Kh1 d6 12. f4 exf4 13. Rxf4 h6 14. Bxf6 Bxf6 15. Qc2 Be5 16. g3 Bxf4 17. gxf4 Qf6 18. Rf1 Bh3 19. Rf3 Bg4 20. Rf2 Qd4 21. Qd2 Rae8 22.
Kg2 Qf6 23. h3 Bd7 24. Qe3 Qg6+ 25. Kh2 f5 26. Rg2 Qf7 27. e5 dxe5 28. fxe5 f4 29.
Qd4 f3 30. Bg6 Qf4+ 31. Qxf4 Rxf4 32. Bxe8 Bxe8 33. Rf2 Bh5 34. b3 Kf7 35. Kg3 g5 36.
Na4 Ke6 37. Nc5+ Kxe5 38. Nd3+ Ke4 39. Nxf4 gxf4+ 40. Kh4 Ke3 41. Rf1 Bg6 42. Kg4 h5+ 43. Kg5 Bd3 0-1

[Event "Late-Titled-Tuesday-Blitz-February-13-2024"]
[Site "Chess.com"]
[Date "2024.02.13"]
[Round "10"]
[White "AlexeiShirov"]
[Black "ChessSkool"]
[Result "0-1"]
[WhiteElo "2847"]
[BlackElo "2739"]
[TimeControl "180+1"]
[EndTime "15:55:32 PST"]
[Termination "ChessSkool won on time"]

1. e4 c6 2. d4 d5 3. e5 Bf5 4. h4 h5 5. Bd3 Bxd3 6. Qxd3 Qa5+ 7. Nd2 e6 8. Nf3 Nh6 9. O-O Nf5 10. Nb3 Qa6 11.
Qd1 Nd7 12. a4 Rc8 13. Bg5 c5 14. Re1 Qc4 15. Nbd2 Qb4 16. c3 Qxb2 17. Rb1 Qxc3 18. Rxb7 cxd4 19. Qb1 Qc6 20. Nf1 Bc5 21. Rc1 Nb6 22.
Rxa7 Nc4 23. Rb7 O-O 24. Ng3 Nxg3 25. fxg3 d3+ 26. Kh2 Bb6 27. Rxc4 dxc4 28. Rxb6 Qe4 29.
Rb4 Qd5 30. Be3 Rfd8 31. Bg5 Rd7 32. Rb8 Qc6 33. Rb6 Qc5 34. Rb5 Qc7 35. Be3 c3 36. Rc5 Qd8 37. Qb5 c2 38. Qc4 Rxc5 39. Qxc5 d2 40. Bxd2 Rxd2 41. Nxd2 Qxd2 42. Qc8+ Kh7 43. Qf8 c1=Q 44. Qxf7 Qh6 45. Qf3 Qg6 46. a5 Qc4 0-1

[Event "Late-Titled-Tuesday-Blitz-February-13-2024"]
[Site "Chess.com"]
[Date "2024.02.13"]
[Round "10"]
[White "Kostukov_Alex"]
[Black "Bilan_Danila"]
[Result "0-1"]
[WhiteElo "2327"]
[BlackElo "2544"]
[TimeControl "180+1"]
[EndTime "15:55:33 PST"]
[Termination "Bilan_Danila won on time"]

1. g3 d5 2. Bg2 Nf6 3. d3 c5 4.
e4 Nc6 5. exd5 Nxd5 6. Ne2 Bg4 7. Nbc3 e6 8. O-O Nxc3 9. bxc3 Be7 10. Rb1 Qd7 11.
Be3 Rc8 12. Qd2 b6 13. c4 Bf6 14. Nc3 Nd4 15. f3 Bh5 16. Ne4 Be7 17. g4 Bg6 18. f4 O-O 19. Kh1 f5 20. Nf2 Qd6 21. g5 Bh5 22. Bxd4 Qxd4 23. Rbe1 Bd6 24. Nh3 Bb8 25. Rxe6 Bf7 26. Re2 a6 27. a4 a5 28. Rfe1 Bh5 29. Bd5+ Kh8 30. Re7 Bg4 31. c3 Bf3+ 32. Bxf3 Qd6 33.
Bd5 Qg6 34. Qe2 Bc7 35. Kg2 Bb8 36. Re6 Qf7 37. Re7 Qg6 38. Qf3 Bc7 39. R1e6 Qxe6 40. Bxe6 Bd8 41. Rd7 Rb8 42. Qd5 Re8 43. Kf3 Be7 44.
Bxf5 Bf8 45. Be6 b5 46. cxb5 Be7 0-1

[Event "Late-Titled-Tuesday-Blitz-February-13-2024"]
[Site "Chess.com"]
[Date "2024.02.13"]
[Round "10"]
[White "RandomNoob04"]
[Black "saikrishnaReturns"]
[Result "1/2-1/2"]
[WhiteElo "2620"]
[BlackElo "2780"]
[TimeControl "180+1"]
[EndTime "15:55:35 PST"]
[Termination "Game drawn by stalemate"]

1. e4 c5 2. d4 cxd4 3. c3 d3 4. Bxd3 g6 5. Nf3 Bg7 6. O-O Nc6 7. c4 Nf6 8. h3 O-O 9. e5 Ne8 10.
Re1 d6 11. exd6 Nxd6 12. Nc3 e5 13. Bg5 f6 14. Be3 Nf5 15. Bc5 Re8 16. Nd5 b6 17. Ba3 Nfd4 18. Nxd4 Nxd4 19. Be4 Bb7 20. Nxf6+ Qxf6 21. Bxb7 Rad8 22. Bd5+ Kh8 23. Qd3 Bf8 24. Bxf8 Rxf8 25.
Rf1 b5 26. b3 Rd6 27. Qe4 bxc4 28. bxc4 Qg5 29. f4 Rxf4 30. Rxf4 Qxf4 31. Qxf4 Ne2+ 32.
Kf2 Nxf4 33. Rd1 Kg7 34. Ke3 Nxg2+ 35. Ke4 Kf6 36. c5 Rd8 37. c6 Nf4 38. c7 Rc8 39. Rc1 Ne6 40. Rc6 Rxc7 41. Rxe6+ Kg5 42. Kxe5 Kh4 43. Kd6 Rg7 44. Re7 Rxe7 45. Kxe7 Kxh3 46. Kf6 Kh4 47. Kg7 g5 48. Kxh7 g4 49. Kg6 g3 50.
Kf5 Kh3 51. Ke5 g2 52. Bxg2+ Kxg2 53. Kd5 Kf3 54. a4 Kf4 55. a5 Kf5 56. a6 Kf6 57. Kc6 Ke7 58. Kb7 Kd8 59. Kxa7 Kc7 60. Ka8 Kc8 61. Ka7 Kc7 62. Ka8 Kc8 63. a7 Kc7 1/2-1/2

[Event "Late-Titled-Tuesday-Blitz-February-13-2024"]
[Site "Chess.com"]
[Date "2024.02.13"]
[Round "10"]
[White "pinguino120"]
[Black "chegueps"]
[Result "0-1"]
[WhiteElo "2380"]
[BlackElo "2682"]
[TimeControl "180+1"]
[EndTime "15:55:35 PST"]
[Termination "chegueps won by resignation"]

1. d4 Nf6 2. c4 g6 3. Nc3 Bg7 4. e4 O-O 5. h3 d6 6. Be3 Na6 7. Nf3 e5 8. d5 Nc5 9. Nd2 Nh5 10.
b4 Na6 11. a3 Qe8 12. Be2 Nf4 13. g3 Ng2+ 14. Kf1 Nxe3+ 15. fxe3 Bh6 16. Kg2 Bxe3 17.
Bf3 f5 18. Nb3 fxe4 19. Nxe4 Bf5 20. Qd3 Bh6 21. Rae1 Qa4 22. Na5 Nc5 23. Nxc5 dxc5 24. Qb3 Qxb3 25. Nxb3 cxb4 26. axb4 Bc2 27. Nc5 a5 28.
bxa5 Rxa5 29. Nxb7 Ra2 30. Re2 e4 31. Bg4 e3 32.
Rc1 Be4+ 33. Kg1 Rf2 34. Rce1 Rg2+ 35. Kf1 Rh2 36. Rxa2 Rh1+ 37. Ke2 Rh2+ 38. Kf1 Rxa2 39. Be2 Bf8 40. Nd8 Bb4 41. Rd1 Bf3 42. Bxf3 Rf2+ 43. Kg1 Rxf3 44. Kg2 Rf2+ 45. Kg1 Rf8 46. Ne6 e2 47.
Rb1 Rf7 48. Ng5 Bc5+ 49. Kh1 Rf1+ 50. Kg2 Rxb1 0-1

[Event "Late-Titled-Tuesday-Blitz-February-13-2024"]
[Site "Chess.com"]
[Date "2024.02.13"]
[Round "10"]
[White "elgrona"]
[Black "lluiss"]
[Result "1-0"]
[WhiteElo "2333"]
[BlackElo "2161"]
[TimeControl "180+1"]
[EndTime "15:55:35 PST"]
[Termination "elgrona won by resignation"]

1. Nf3 d5 2. b3 f6 3. Bb2 e5 4. d4 e4 5. Nfd2 Bd6 6. c4 c6 7. g3 Ne7 8. Bg2 O-O 9. O-O Be6 10. Nc3 Nd7 11. Qc1 f5 12. e3 Kh8 13. Ba3 Bxa3 14. Qxa3 Nf6 15. cxd5 Nexd5 16. Nxd5 Bxd5 17. Nc4 Bxc4 18. bxc4 Qd7 19. Rab1 Rf7 20. Rb2 Qe7 21.
Qxe7 Rxe7 22. Rfb1 b6 23. a4 g5 24. a5 Nd7 25. Bh3 g4 26. Bf1 Kg7 27. h3 h5 28.
hxg4 hxg4 29. c5 bxc5 30. dxc5 Nxc5 31. Rc2 Re5 32. Rd1 Nd3 33. Bxd3 exd3 34. Rxd3 c5 35. Rd7+ Kf6 36. Rc7 a6 37. R2xc5 Rxc5 38. Rxc5 Kg5 39. Rc6 Ra7 40. Kf1 Ra8 41. Ke2 Ra7 42. Rd6 Ra8 43.
Kd3 Ra7 44. Kd4 Ra8 45. Kc5 Rc8+ 46. Kb6 Rc2 47. Kxa6 Rxf2 48. Kb7 Rf3 49. a6 Rxe3 50. a7 Rb3+ 51. Rb6 Ra3 52. Ra6 Rb3+ 53. Kc6 Rc3+ 54.
Kd5 Rc8 55. a8=Q Rxa8 56. Rxa8 1-0

[Event "Late-Titled-Tuesday-Blitz-February-13-2024"]
[Site "Chess.com"]
[Date "2024.02.13"]
[Round "10"]
[White "scandalgod"]
[Black "traviscottofficial"]
[Result "0-1"]
[WhiteElo "2513"]
[BlackElo "2685"]
[TimeControl "180+1"]
[EndTime "15:55:37 PST"]
[Termination "traviscottofficial won on time"]

1. d4 a6 2. e4 e6 3. Nf3 b5 4.
Bd3 Bb7 5. O-O Nf6 6. Qe2 d5 7. Nbd2 dxe4 8. Nxe4 Nbd7 9. Ng3 c5 10. c3 cxd4 11. Nxd4 Nc5 12. Bc2 Be7 13. Rd1 Qc7 14. a4 Nxa4 15. Bxa4 bxa4 16. Rxa4 O-O 17. Bg5 h6 18. Be3 Nd5 19. Rda1 Nxe3 20. Qxe3 Rfd8 21. h3 Bg5 22. Qe2 Bf4 23. Ne4 Qe5 24. Nf3 Qb5 25.
Qc2 Bc7 26. Rb4 Qd5 27. Rd4 Qf5 28. Re1 Bb6 29. Rxd8+ Rxd8 30. Qb3 Qb5 31. Qc2 Qd3 32. Qb3 Qb5 33. Qc2 Qd5 34. Ng3 a5 35. Ra1 Bc6 36. Re1 a4 37. Ne2 Qd3 38. Qxd3 Rxd3 39. Ned4 Bd5 40. Ra1 Bb3 41. Nxb3 axb3 42. Ra3 Rd1+ 43. Kh2 Bxf2 44. Rxb3 g5 45. c4 Kg7 46. Rc3 Bc5 47.
Rc2 Kf6 48. Kg3 h5 49. Nd2 Kf5 50. Kf3 Re1 51. Nb3 Re3+ 52. Kf2 Rxb3+ 0-1

[Event "Late-Titled-Tuesday-Blitz-February-13-2024"]
[Site "Chess.com"]
[Date "2024.02.13"]
[Round "10"]
[White "Canal_Showdrez"]
[Black "effefe"]
[Result "1-0"]
[WhiteElo "2094"]
[BlackElo "2268"]
[TimeControl "180+1"]
[EndTime "15:55:37 PST"]
[Termination "Canal_Showdrez won on time"]

1. d4 Nf6 2. Nf3 g6 3. e3 Bg7 4.
Bd3 O-O 5. Nbd2 d6 6. b3 Nc6 7.
Bb2 Nd7 8. a3 e5 9. O-O f5 10.
Bc4+ Kh8 11. Ng5 Qxg5 12. dxe5 Ndxe5 13. f4 Qh6 14. fxe5 Qxe3+ 15. Kh1 Nxe5 16. Nf3 Nxc4 17. Bxg7+ Kxg7 18. bxc4 Qc3 19. Qd5 Qf6 20. Rae1 c6 21. Qd2 Bd7 22. Re2 Rae8 23. Rfe1 Rxe2 24. Rxe2 Re8 25.
Rxe8 Bxe8 26. h4 Bf7 27. Qb4 b6 28. a4 d5 29. cxd5 Bxd5 30. Ng5 Qa1+ 31. Kh2 Qe5+ 32. Kg1 Qe2 33. Qc3+ Kh6 34. Nf3 Bxf3 35. gxf3 c5 36. Qf6 Qe3+ 37. Kg2 Qd2+ 38. Kg3 Qd7 39. Qg5+ Kg7 40. h5 Qc7+ 41. f4 Qf7 42. h6+ Kg8 43. Qd8+ Qf8 44. Qd5+ Qf7 45. Qa8+ Qf8 46. Qxa7 Qxh6 47.
Qxb6 Qf8 48. a5 Qe7 49. Qb8+ Kg7 50. Qe5+ Qxe5 51. fxe5 1-0

[Event "Late-Titled-Tuesday-Blitz-February-13-2024"]
[Site "Chess.com"]
[Date "2024.02.13"]
[Round "10"]
[White "Nemsko"]
[Black "nindjaxx8"]
[Result "1-0"]
[WhiteElo "2422"]
[BlackElo "2557"]
[TimeControl "180+1"]
[EndTime "15:55:38 PST"]
[Termination "Nemsko won by resignation"]

1. e4 e6 2. d4 d5 3. Nc3 Bb4 4. e5 c5 5. a3 Bxc3+ 6. bxc3 Ne7 7. h4 Qc7 8. Nf3 Nbc6 9. h5 h6 10. Rh4 Bd7 11. Rf4 Rf8 12. Nh4 O-O-O 13. Qf3 cxd4 14. cxd4 Nxe5 15. Qg3 f6 16. Bd2 Nf5 17. Nxf5 exf5 18.
Qxg7 Rde8 19. Kd1 Rf7 20. Qxh6 Ba4 21. Rc1 Nc4 22. Bxc4 Qxc4 23. Be3 Qd3+ 24. Ke1 Rxe3+ 25. fxe3 Qxe3+ 26. Kf1 Qxc1+ 27. Kf2 Qxc2+ 28. Kg3 Qc7 29. Kh3 Re7 30. Rf3 Bd1 31. Rxf5 a6 32. Qf8+ Qd8 33. Qxf6 Kb8 34. h6 Qe8 35. Qf8 Ka7 36. Qxe8 Rxe8 37.
g4 Bc2 38. Rxd5 Re6 39. g5 Kb6 40. Kg4 Re2 41. Rd6+ Kb5 42. Rd7 Rg2+ 43. Kf4 b6 44. Rd6 Rh2 45. Ke5 Rh5 46. Kf6 Rh2 47. Kg7 Rh5 48.
g6 Kc4 49. h7 Bxg6 50. Rxg6 b5 51. Rh6 Rg5+ 52. Kf6 Rd5 53. h8=Q Rxd4 1-0

[Event "Late-Titled-Tuesday-Blitz-February-13-2024"]
[Site "Chess.com"]
[Date "2024.02.13"]
[Round "10"]
[White "ninguno46"]
[Black "Witik"]
[Result "1-0"]
[WhiteElo "2520"]
[BlackElo "2655"]
[TimeControl "180+1"]
[EndTime "15:55:44 PST"]
[Termination "ninguno46 won by resignation"]

1. e4 e5 2. Nf3 Nc6 3. d4 exd4 4.
Bc4 Nf6 5. e5 d5 6. Bb5 Ne4 7. Nxd4 Bd7 8. Bxc6 bxc6 9. O-O Bc5 10. Be3 Bb6 11. Nc3 c5 12. Nb3 Nxc3 13. bxc3 d4 14.
cxd4 c4 15. Nc5 Bxc5 16. dxc5 O-O 17. Qf3 Qe8 18. Qg3 Qe6 19. f4 Qg6 20. Qxg6 hxg6 21. Rab1 Rab8 22. c3 Bf5 23. Rb4 a5 24. Ra4 Rb5 25. h3 Bd3 26. Rf2 Ra8 27. g4 f6 28.
exf6 Re8 29. Bd4 Re1+ 30. Kh2 gxf6 31. Bxf6 Rxc5 32. Bd4 Rb5 33. Kg3 Kf7 34. Kh4 Rb8 35. Kg5 Rb5+ 36. f5 gxf5 37. gxf5 Rg1+ 38. Kf4 Rxf5+ 39. Ke3 Re1+ 40. Kd2 Rxf2+ 41. Kxe1 Re2+ 42. Kd1 Bc2+ 43. Kxe2 Bxa4 44. Ke3 Bd7 45. h4 a4 46. a3 Kg6 47. Be5 c6 48. Kd4 Kh5 49. Bf6 Be8 50.
Kc5 Kg6 51. Bd8 Kf5 52. Kb4 Ke6 53. Kxa4 Kd7 54. Bg5 Kd6 55. Bf4+ Kd7 56. Kb4 Kc8 57. Kxc4 Kd7 58. Kc5 Bg6 59. a4 Bd3 60. a5 Be2 61. c4 Bf3 62. a6 Kc8 63. Kb6 c5 64. Kxc5 1-0

[Event "Late-Titled-Tuesday-Blitz-February-13-2024"]
[Site "Chess.com"]
[Date "2024.02.13"]
[Round "10"]
[White "sharkarton"]
[Black "Qingdom"]
[Result "1-0"]
[WhiteElo "2521"]
[BlackElo "2240"]
[TimeControl "180+1"]
[EndTime "15:55:44 PST"]
[Termination "sharkarton won by resignation"]

1. Nf3 c5 2. c4 Nf6 3. g3 b6 4.
Bg2 Bb7 5. Nc3 e6 6. O-O Be7 7.
d4 cxd4 8. Qxd4 d6 9. e4 Nbd7 10. Rd1 a6 11. b3 O-O 12. Bb2 Qc7 13. Rac1 Rac8 14. Ne2 Rfd8 15. Ne1 Nc5 16. Nc3 Qb8 17. Nd3 Qa8 18. Nxc5 dxc5 19. Qe3 Rxd1+ 20. Rxd1 Rd8 21. Rxd8+ Bxd8 22. Qd3 Bc7 23. f4 Qd8 24. Qxd8+ Bxd8 25. e5 Bxg2 26. Kxg2 Nd7 27. Ne4 Be7 28. Kf3 f6 29. exf6 gxf6 30. g4 Kf7 31. h4 f5 32.
Ng5+ Bxg5 33. hxg5 Kg6 34. Bc3 Nb8 35. a4 Nc6 36.
Kg3 a5 37. Kf3 Nd4+ 38. Ke3 Nxb3 39. gxf5+ Kxf5 40. Bf6 Nd4 41. Bd8 e5 42. fxe5 Kxe5 43. Bxb6 Nf5+ 44. Kd3 Kf4 45. Bxc5 Kxg5 46. Bb6 h5 47.
Bxa5 h4 48. Bc7 Ng3 49. a5 Kg4 50. a6 h3 51. a7 h2 52. a8=Q h1=Q 53. Qxh1 Nxh1 54.
Ke3 Kf5 55. Kf3 Ke6 56. c5 Kd7 57. Bd6 Kc6 58. Kg2 1-0

[Event "Late-Titled-Tuesday-Blitz-February-13-2024"]
[Site "Chess.com"]
[Date "2024.02.13"]
[Round "10"]
[White "Mariia89"]
[Black "KetiTsatsalashvili"]
[Result "0-1"]
[WhiteElo "2261"]
[BlackElo "2454"]
[TimeControl "180+1"]
[EndTime "15:55:44 PST"]
[Termination "KetiTsatsalashvili won on time"]

1. d4 Nf6 2. Nf3 d6 3. c4 g6 4.
Nc3 Bg7 5. e4 O-O 6. Be2 e5 7.
O-O Nc6 8. d5 Ne7 9. b4 a5 10.
Ba3 axb4 11. Bxb4 b6 12. Re1 Nd7 13. a4 h6 14. a5 f5 15. Nd2 bxa5 16. Bxa5 Ba6 17.
Qc2 Nc5 18. Nb3 Nxe4 19. Nxe4 fxe4 20. Qxe4 Rf4 21. Qc2 Qd7 22. Ra2 h5 23. Bd2 Rff8 24. h3 Nf5 25. Bd3 Bb7 26. Rxa8 Bxa8 27. Be4 Bb7 28. c5 Ba6 29. c6 Qc8 30. Ra1 Bb5 31.
Ra5 Ba6 32. Bg5 Bf6 33. Bh6 Nxh6 34. Bxg6 Bg7 35. Bxh5 e4 36. Bg6 e3 37. Bh7+ Kh8 38.
fxe3 Rf1+ 39. Kh2 Ra1 40. Rxa1 Bb5 41. Rf1 Bxf1 42. Qf2 Ba6 43. Bb1 Qe8 44. g3 Qe5 45. Nd2 Kg8 46. Nf3 Qb2 47. Kg2 Qxb1 0-1

[Event "Late-Titled-Tuesday-Blitz-February-13-2024"]
[Site "Chess.com"]
[Date "2024.02.13"]
[Round "10"]
[White "GMBenjaminBok"]
[Black "tptagain"]
[Result "1-0"]
[WhiteElo "3001"]
[BlackElo "2876"]
[TimeControl "180+1"]
[EndTime "15:55:48 PST"]
[Termination "GMBenjaminBok won by resignation"]

1. d4 d5 2. c4 e6 3. Nc3 c6 4. e3 Nd7 5. Qc2 Nh6 6. Bd3 Bd6 7. e4 dxc4 8. Bxc4 e5 9. Bxh6 gxh6 10. Nf3 exd4 11.
Nxd4 Ne5 12. Bb3 Bc5 13. Nf5 Bxf5 14. exf5 Nd3+ 15. Kf1 Nxf2 16. Ne4 Nxe4 17. Qxe4+ Qe7 18. Re1 Qxe4 19. Rxe4+ Kf8 20. Ke2 Rg8 21. g3 Re8 22. Rxe8+ Kxe8 23. Rf1 Bd4 24. Rf4 Bxb2 25. Rh4 Rg5 26.
Rxh6 Rxf5 27. Rxh7 a5 28. g4 Rf4 29. g5 Bd4 30. h4 b5 31. a4 Rf2+ 32. Kd1 Rf3 33. Bc2 Rf1+ 34. Ke2 Rh1 35. Be4 Rh2+ 36. Kd3 c5 37.
axb5 a4 38. b6 a3 39. b7 Be5 40. Rh8+ Kd7 41. b8=Q Bxb8 42. Rxb8 Rh3+ 43. Kc4 Rxh4 44.
Kd5 Rh5 45. Bf5+ Kc7 46. Ra8 Rxg5 47. Ke5 Kb6 48. Rxa3 Kb5 49. Rb3+ Kc4 50. Rb7 Kc3 51.
Rxf7 c4 52. Rc7 Kb3 53. Kf4 Rxf5+ 54. Kxf5 c3 55. Ke4 c2 56. Kd3 Kb2 57. Rxc2+ Kb1 58.
Kc3 1-0

[Event "Late-Titled-Tuesday-Blitz-February-13-2024"]
[Site "Chess.com"]
[Date "2024.02.13"]
[Round "10"]
[White "OK97"]
[Black "yaguigor"]
[Result "1-0"]
[WhiteElo "2834"]
[BlackElo "2638"]
[TimeControl "180+1"]
[EndTime "15:55:48 PST"]
[Termination "OK97 won on time"]

1. e4 c5 2. Nc3 Nc6 3. Bb5 Nd4 4. Nf3 e6 5. O-O a6 6. Bd3 Nc6 7. b3 d5 8. exd5 exd5 9. Re1+ Be7 10. Ba3 Be6 11. Ne5 Nxe5 12. Rxe5 Nf6 13. Qe2 Bd6 14. Rxe6+ fxe6 15. Qxe6+ Qe7 16. Qf5 Qd7 17. Re1+ Kf7 18.
Qxd7+ Nxd7 19. Nxd5 Rae8 20. Rf1 b5 21. Bb2 Be5 22. Bc1 Nf6 23. Ne3 g6 24. a4 Rb8 25.
f4 Bd4 26. f5 g5 27. axb5 axb5 28. c3 Be5 29. Ba3 Rhd8 30. Bb1 Rxd2 31. Bxc5 Bxc3 32.
b4 Bd4 33. Ba2+ Kg7 34. Bxd4 Rxd4 35. Be6 Rxb4 36. Rc1 Rb7 37. h3 Re4 38. Nf1 b4 39. Nd2 Re2 40. Nb3 Re3 41. Rc8 Re7 42. Bc4 h5 43. Nd4 h4 44. Ne6+ Kh6 45. Rh8+ Rh7 46. Rf8 Ne4 47. f6 Ng3 48. Kf2 Re4 49. Bb3 Ra7 50. Kf3 1-0

[Event "Late-Titled-Tuesday-Blitz-February-13-2024"]
[Site "Chess.com"]
[Date "2024.02.13"]
[Round "10"]
[White "martinmena"]
[Black "Nick12772"]
[Result "1-0"]
[WhiteElo "2185"]
[BlackElo "2344"]
[TimeControl "180+1"]
[EndTime "15:55:48 PST"]
[Termination "martinmena won on time"]

1. c4 Nf6 2. g3 g6 3. Bg2 Bg7 4. Nc3 O-O 5. d3 c5 6. Bg5 Nc6 7. Qd2 d6 8. e4 Nd4 9. Nge2 Ne8 10. O-O Nc7 11. Bh6 Nxe2+ 12. Nxe2 Ne6 13. Bxg7 Kxg7 14.
f4 Qb6 15. f5 Nd4 16. Nxd4 cxd4 17. g4 f6 18. g5 Bd7 19. Rae1 a5 20. Qf4 Qxb2 21.
Rb1 Qe2 22. Rxb7 Rad8 23. gxf6+ Rxf6 24. Qg3 Qe3+ 25. Qxe3 dxe3 26. fxg6 Rxf1+ 27. Kxf1 Rf8+ 28. Ke2 Rf2+ 29. Kxe3 Rxg2 30. Rxd7 Rxa2 31. gxh7 Kxh7 32. Rxe7+ Kg8 33. Ra7 Rxh2 34. Rxa5 Kf7 35. Kd4 Ke6 36. Rg5 Rh6 37. Rg8 Kf7 38. Rc8 Ke7 39. Rb8 Rh5 40.
Rb7+ Ke6 41. Rb6 Ke7 42. Kc3 Rh3 43. Rb3 Rh5 44. Kd2 Rh2+ 45. Ke3 Rh3+ 46. Kf4 Ke6 47. Kg4 Re3 48. Kf4 Rh3 49. Ra3 Kf6 50. Kg4 Re3 51. Kh5 Ke5 52. Kh4 1-0

[Event "Late-Titled-Tuesday-Blitz-February-13-2024"]
[Site "Chess.com"]
[Date "2024.02.13"]
[Round "10"]
[White "AryanTari"]
[Black "A-Fier"]
[Result "1-0"]
[WhiteElo "2944"]
[BlackElo "2778"]
[TimeControl "180+1"]
[EndTime "15:55:50 PST"]
[Termination "AryanTari won by resignation"]

1. e4 Nf6 2. d3 d5 3. e5 Nfd7 4. f4 c5 5. Nf3 Nc6 6. d4 cxd4 7.
Nxd4 e6 8. Be3 Bc5 9. c3 Qb6 10. Qd2 O-O 11. b4 Bxd4 12. cxd4 Qxb4 13. Qxb4 Nxb4 14. Na3 Nb6 15. Rb1 Nc6 16. Nb5 Bd7 17.
Nd6 Rab8 18. Bd3 Ne7 19. Ke2 Bc6 20. Rhc1 Nec8 21. Nb5 a6 22. Nc7 Nc4 23. Nxa6 Ra8 24. Nb4 N8b6 25. Bf2 Ra3 26. Rb3 Rfa8 27. Rcb1 g6 28.
Nxc6 Rxa2+ 29. Ke1 bxc6 30. Rxb6 Nxb6 31. Rxb6 Ra1+ 32.
Ke2 R8a2+ 33. Ke3 Ra3 34. Rb2 Rd1 35. Rd2 Rxd2 36. Kxd2 Ra2+ 37. Ke3 h6 38. g4 g5 39. fxg5 hxg5 40. h4 gxh4 41. Bxh4 Kf8 42. Bf6 Ke8 43. g5 Ra3 44. Kd2 Ra2+ 45. Kc3 Ra3+ 46. Kc2 Kd7 47. Bh7 Rh3 48. Bg8 Ke8 49. g6 fxg6 50. Bxe6 Rg3 51. Bc8 Rf3 52. Bg7 g5 53. Bf6 g4 54. Bxg4 Rf4 55. Bh5+ Kd7 56. Kd3 c5 57. dxc5 Kc6 58. Be7 d4 59. Kc4 d3+ 60. Kxd3 Kd5 61. Bd6 Rd4+ 62. Ke3 Re4+ 63. Kf3 Re1 64. Bf7+ Kc6 65. Kg4 Rf1 66. e6 Kd5 67. e7+ 1-0

[Event "Late-Titled-Tuesday-Blitz-February-13-2024"]
[Site "Chess.com"]
[Date "2024.02.13"]
[Round "10"]
[White "mishanick"]
[Black "nihalsarin"]
[Result "1-0"]
[WhiteElo "2988"]
[BlackElo "3176"]
[TimeControl "180+1"]
[EndTime "15:55:51 PST"]
[Termination "mishanick won by resignation"]

1. d4 Nf6 2. c4 g6 3. Nc3 Bg7 4. e4 d6 5. Bd3 O-O 6. Nge2 Nc6 7. O-O Nd7 8. Bc2 e5 9. d5 Nd4 10. Nxd4 exd4 11. Ne2 Re8 12. Nxd4 Nc5 13. f3 a5 14. Rb1 Bd7 15. b3 Qh4 16. Bb2 Be5 17. f4 Bxf4 18. Nf3 Qh6 19. Re1 Be3+ 20. Kh1 Nxe4 21.
Bxe4 Rxe4 22. Qd3 Rae8 23. Qc3 R8e5 24. Nxe5 Rxe5 25. Bc1 Bxc1 26. Qxc1 Qh4 27. Rxe5 dxe5 28. Qe1 Qxe1+ 29. Rxe1 f6 30. c5 Kf7 31. a3 b6 32.
b4 axb4 33. axb4 bxc5 34. bxc5 c6 35. Rd1 cxd5 36. Rxd5 Ke7 37. Kg1 Be6 38. Rd2 Bd7 39. Kf2 f5 40. Rd5 Ke6 41. Rd6+ Ke7 42. h4 f4 43. g3 fxg3+ 44. Kxg3 Bf5 45. Kf3 h6 46. Ke3 Bb1 47. Rd2 Bf5 48. c6 g5 49. h5 Bg4 50.
c7 Bd7 51. Ke4 Ke6 52. Rc2 Bc8 53. Rc6+ Kd7 54. Rxh6 Kxc7 55. Kxe5 g4 56. Rg6 1-0